 Dungeon Crawl Stone Soup version 0.13-a0-2417-g818e1a6 (webtiles) character file.

95 JogiH the Magician (level 3, 0/29 HPs)
             Began as a Djinni Wizard on July 16, 2013.
             Slain by an adder (2 damage)
             ... on Level 2 of the Dungeon.
             The game lasted 00:04:13 (1420 turns).

JogiH the Magician (Djinni Wizard)                  Turns: 1420, Time: 00:04:13

HP   0/29        AC  2     Str  7      XL: 3   Next: 10%
MP   0/0         EV 12     Int 19      God:
Gold 63          SH  0     Dex 11      Spells:  3 memorised,  6 levels left

Res.Fire  : + + +   See Invis. : .   i - +1 short sword (speed)
Res.Cold  : x . .   Warding    : .   a - +0 robe
Life Prot.: + + +   Conserve   : .   (no shield)
Res.Poison: .       Res.Corr.  : .   b - +0 wizard hat
Res.Elec. : .       Clarity    : .   (no cloak)
Sust.Abil.: . .     Spirit.Shd : .   (no gloves)
Res.Mut.  : .       Stasis     : .   (boots unavailable)
Res.Rott. : .       Flight     : .   (no amulet)
Saprovore : . . .                    (no ring)
                                     (no ring)

@: not resistant to hostile enchantments, unstealthy
A: no striking features
a: no special abilities


You were on level 2 of the Dungeon.
You were not hungry.

You visited 1 branch of the dungeon, and saw 2 of its levels.

You collected 43 gold pieces.

Inventory:

Hand weapons
 i - a +1,+1 short sword of speed (weapon)
Armour
 a - a +0 robe (worn)
 b - a +0 wizard hat (worn)
Scrolls
 e - a scroll of noise {unknown}
 f - a scroll of enchant weapon I {unknown}
 h - a scroll of teleportation {unknown}
 k - 2 scrolls of enchant armour {unknown}
Potions
 d - a potion of paralysis {unknown}
 g - a potion of curing {unknown}
 j - a potion of might {unknown}
Books
 c - a book of Minor Magic

   Spells                             Type                      Level
   *Magic Dart                        Conjuration                  1
   *Blink                             Translocation                2
   *Call Imp                          Summoning                    2
   Repel Missiles                     Charms/Air                   2
   Slow                               Hexes                        2
   Conjure Flame                      Conjuration/Fire             3
   Mephitic Cloud                     Conjuration/Poison/Air       3


   Skills:
 - Level 1.7 Dodging
 - Level 1.5 Stealth
 + Level 0.1 Traps
 + Level 4.6 Spellcasting
 * Level 1.9 Conjurations
 + Level 1.0 Summonings
 + Level 1.0 Translocations


You had 6 spell levels left.
You knew the following spells:

 Your Spells              Type           Power        Failure   Level  Hunger
a - Magic Dart            Conj           ##..         8%          1    None
b - Blink                 Tloc           N/A          14%         2    #......
c - Call Imp              Summ           #.........   14%         2    #......


Dungeon Overview and Level Annotations

Branches:
Dungeon (2/27)

Altars:


Message History

Confirm with . or Enter, or press ? or * to list all spells.
You don't have enough magic to cast that spell.
Casting: Call Imp
Confirm with . or Enter, or press ? or * to list all spells.
You don't have enough magic to cast that spell.
The adder bites you.
* * * LOW HITPOINT WARNING * * *
Casting: Call Imp
Confirm with . or Enter, or press ? or * to list all spells.
You don't have enough magic to cast that spell.
The adder barely misses you. The adder bites you but does no damage.
Casting: Call Imp
Confirm with . or Enter, or press ? or * to list all spells.
You don't have enough magic to cast that spell.
The adder bites you.
* * * LOW HITPOINT WARNING * * *
The adder misses you. The adder bites you.
You die...

#%........###### #.#
#..............# #.#
#..............# #.#
#..............# #.#
#..............# #.#
#..........5...# #.#
#######........#
#.######
#...)....#####......#
#......S@.......###.#
#####+##..........#
#.#
..................#
#.#
.........##########
#.# .........# #%#
######### #.# #.#####
#...... #######


You could see an adder and a friendly crimson imp.

Vanquished Creatures
  An adder (D:2)
  6 bats
  2 hobgoblins
  2 ball pythons (D:1)
  2 giant cockroaches (D:1)
  3 giant newts (D:1)
  2 goblins (D:1)
  3 jackals (D:1)
  5 rats (D:1)
26 creatures vanquished.

Vanquished Creatures (collateral kills)
  A bat (D:1)
1 creature vanquished.

Grand Total: 27 creatures vanquished

Notes
Turn   | Place    | Note
--------------------------------------------------------------
     0 | D:1      | JogiH, the Djinni Wizard, began the quest for the Orb.
     0 | D:1      | Reached XP level 1. HP: 14/14 MP: 0/0
   285 | D:1      | Reached skill level 4 in Spellcasting
   373 | D:1      | Reached XP level 2. EP: 19/23
   407 | D:1      | Learned a level 2 spell: Blink
   410 | D:1      | Learned a level 2 spell: Call Imp
  1386 | D:2      | Reached XP level 3. EP: 18/29
  1420 | D:2      | Slain by an adder

Action                   || total
-------------------------++-------
Melee: Short sword       ||     4
       Unarmed           ||     2
 Cast: Magic Dart        ||    59
       Call Imp          ||     3
